 Dungeon Crawl Stone Soup version 0.22-a0-448-g1fb7470 (webtiles) character file.

574855 Eptagon the Impregnable (level 24, -3/226 HPs)
             Began as a Centaur Hunter on June 3, 2018.
             Was the Champion of Trog.
             Slain by a spatial maelstrom (16 damage)
             ... on level 3 of the Abyss on June 4, 2018.
             The game lasted 02:49:41 (55906 turns).

Eptagon the Impregnable (Centaur Hunter)           Turns: 55906, Time: 02:49:42

Health: -3/226     AC: 53    Str: 28      XL:     24   Next: 54%
Magic:  33/33      EV: 10    Int:  6 (9)  God:    Trog [******]
Gold:   1736       SH:  0    Dex: 16      Spells: 23/23 levels left

rFire    + . .     SeeInvis .   a - +8 storm bow {elec}
rCold    + + .     Gourm    .   (shield currently unavailable)
rNeg     + + +     Faith    .   l - +8 orange crystal plate armour {Archmagi, Int+3 Clar}
rPois    +         Spirit   .   K - -2 hat of the Alchemist {rElec rPois rF+ rC+ rN+ MR+ rMut rCorr}
rElec    +         Reflect  .   F - +2 cloak of the Blue Moon {Regen+ Slay+2}
rCorr    +         Harm     .   P - +2 pair of gloves {Dex+3}
rMut     +         Clarity  +   O - +4 centaur barding {rC+}
MR       ++...                  r - amulet of regeneration
Stlth    ..........             x - ring "Rounkil" {rN+++ AC+4 Str+4 Int-4 Stlth+}
HPRegen  1.27/turn              Z - ring "Tarusm" {Wiz +Fly}
MPRegen  0.23/turn

@: very quick
A: large, hooves 3, deformed body, speed 2, tough skin 3
}: 5/15 runes: decaying, serpentine, slimy, silver, abyssal
a: Berserk, Trog's Hand, Brothers in Arms, Renounce Religion, Evoke Flight


You were on level 3 of the Abyss.
You worshipped Trog.
Trog was exalted by your worship.
You were not hungry.

You visited 9 branches of the dungeon, and saw 46 of its levels.
You visited the Abyss 1 time.
You visited 1 bazaar.
You also visited: Sewer and Desolation.

You collected 6248 gold pieces.
You spent 4512 gold pieces at shops.

Inventory:

Hand Weapons
 a - the +8 storm bow (weapon) {elec}
   (You found it on level 3 of the Elven Halls)

   It charges the ammunition it shoots with electricity; occasionally upon a
   hit, such missiles may discharge and cause terrible harm.
 c - a +9 longbow of freezing
 d - a +9 longbow of flaming
Missiles
 B - 913 arrows (quivered)
Armour
 l - the +8 orange crystal plate armour (worn) {Archmagi, Int+3 Clar}
   (You bought it in a shop on level 6 of the Dungeon)

   It affects your intelligence (+3).
   It protects you against confusion.
 F - the +2 cloak of the Blue Moon (worn) {Regen+ Slay+2}
   (You bought it in a shop on level 4 of the Dungeon)

   It affects your accuracy and damage with ranged weapons and melee attacks
   (+2).
   It increases your rate of regeneration.
 K - the -2 hat of the Alchemist (worn) {rElec rPois rF+ rC+ rN+ MR+ rMut rCorr}
   (You bought it in a shop on level 2 of the Snake Pit)

   It protects you from fire.
   It protects you from cold.
   It insulates you from electricity.
   It protects you from poison.
   It protects you from negative energy.
   It affects your resistance to hostile enchantments.
   It protects you from acid and corrosion.
   It protects you from mutation.
 O - a +4 centaur barding of cold resistance (worn)
 P - a +2 pair of gloves of dexterity (worn)
Jewellery
 r - an amulet of regeneration (around neck)
 x - the ring "Rounkil" (left hand) {rN+++ AC+4 Str+4 Int-4 Stlth+}
   (You found it on level 4 of the Swamp)

   [ring of protection]

   It affects your AC (+4).
   It affects your strength (+4).
   It affects your intelligence (-4).
   It renders you almost immune to negative energy.
   It makes you more stealthy.
 z - the ring of Descent {+Inv MP+9 Str+4 Int+3}
   (You found it on level 4 of the Vaults)

   [ring of magical power]

   It affects your strength (+4).
   It affects your intelligence (+3).
   It affects your magic capacity (+9).
   It lets you turn invisible.
 E - an uncursed ring of see invisible
 M - the ring "Ypumn" {*Slow rF+ rC+++ Str-3 Dex+8}
   (You found it on level 3 of the Elven Halls)

   [ring of protection from fire]

   It affects your strength (-3).
   It affects your dexterity (+8).
   It protects you from fire.
   It renders you almost immune to cold.
   It may slow you when you take damage.
 S - the ring "Laonopoi" {rPois rF+ Str+4 Int+4 Dex-3}
   (You found it in the Desolation of Salt)

   [ring of poison resistance]

   It affects your strength (+4).
   It affects your intelligence (+4).
   It affects your dexterity (-3).
   It protects you from fire.
   It protects you from poison.
 Z - the ring "Tarusm" (right hand) {Wiz +Fly}
   (You took it off a ragged hierophant in the Desolation of Salt)

   [ring of wizardry]

   It improves your spell success rate.
   It lets you fly.
Wands
 G - a wand of digging (15)
 N - a wand of clouds (1)
 Q - a wand of iceblast (13)
 V - a wand of acid (3)
Scrolls
 b - a scroll of enchant weapon
 e - 13 scrolls of remove curse
 k - 14 scrolls of magic mapping
 m - 8 scrolls of fog
 o - 21 scrolls of teleportation
 y - 9 scrolls of fear
 A - 2 scrolls of holy word
 C - 2 scrolls of silence
 J - 6 scrolls of immolation
 L - 13 scrolls of identify
 R - a scroll of summoning
 T - 7 scrolls of enchant armour
 W - 2 scrolls of blinking
Potions
 g - 3 potions of mutation
 h - 24 potions of curing
 i - 5 potions of brilliance
 j - 10 potions of agility
 n - 2 potions of magic
 p - 8 potions of haste
 q - 16 potions of might
 s - 2 potions of invisibility
 t - 4 potions of cancellation
 v - 5 potions of resistance
 w - 6 potions of heal wounds
 D - 3 potions of ambrosia
 H - 9 potions of flight
Miscellaneous
 u - 5 phantom mirrors
 I - a lightning rod (4/4)
 U - a phial of floods
 X - a fan of gales
 Y - 3 boxes of beasts
Comestibles
 f - 82 rations


   Skills:
 + Level 20.7 Fighting
 - Level 20.0 Bows
 * Level 21.3 Armour
 + Level 14.8 Dodging
 - Level 0.4 Stealth
 + Level 13.5 Evocations


You had 23 spell levels left.
You didn't know any spells.
Your spell library was empty.

Dungeon Overview and Level Annotations

Branches:
Dungeon (15/15)            Temple (0/1) D:5            Lair (6/6) D:9
  Swamp (4/4) Lair:4        Snake (4/4) Lair:3        Slime (5/5) Lair:5
    Orc (2/2) D:10            Elf (3/3) Orc:2        Vaults (5/5) D:13
  Crypt (2/3) Vaults:2     Depths (0/5) D:15

Altars:
Cheibriados
Elyvilon
Gozag
Hepliaklqana
Kikubaaqudgha
Qazlal
Ru
Sif Muna
Trog
Uskayaw
Wu Jian
The Shining One
Beogh
Jiyva
Lugonu

Shops:
D:4 %[(*   D:6 [   Orc:2 ([=%*   Elf:2 (   Elf:3 (   Snake:2 (}*   Vaults:1 ?
Vaults:2 (

Portals:
Abyss: Crypt:2


Innate Abilities, Weirdness & Mutations

You have hooves in place of feet.
Armour fits poorly on your strangely shaped body.
You cover ground very quickly.
You have extremely tough skin. (AC +3)


Message History

The arrow hits the starcursed mass but does no damage.
The starcursed mass is heavily damaged.
An air elemental comes into view.
A chorus of shrieks assaults your mind.
* * * LOW HITPOINT WARNING * * *
A vortex of raging winds appears around the air elemental!
Firing (i - inventory)
B - 914 arrows (quivered)
Press: ? - help, Shift-Dir - straight line, f/p - starcursed mass
Aim: a starcursed mass (heavily damaged)
You shoot an arrow. The arrow hits the starcursed mass!!
You destroy the starcursed mass!
Trog accepts your kill. The spatial maelstrom hits you.
* * * LOW HITPOINT WARNING * * *
Space warps horribly around you!
* * * LOW HITPOINT WARNING * * *
The spatial maelstrom hits you.
* * * LOW HITPOINT WARNING * * *
Space warps horribly around you!
You die...

. ÷ ≈ # # (
## . ( .. .
##
#####)#.(#
#@x(((#
#..(.v(#v#
##(#.(.(..
##
.(#(>#..###
§/#.#v.##C.
#(#
(###...#
.E# ) ##..#
.§ . ..


You could see a spatial maelstrom, 2 spatial vortices, an air elemental, a small
abomination and a friendly cyclops (berserk).

Vanquished Creatures
  the Royal Jelly (Slime:5)
  Mara (Swamp:3)
  An ancient lich (Crypt:2)
  Boris (Crypt:2)
  Bai Suzhen (Crypt:1)
  Saint Roka (Orc:2)
  Xtahua (Vaults:5)
  3 golden dragons (Vaults:5)
  A profane servitor (Abyss:3)
  A tentacled monstrosity (Vaults:5)
  4 deep elf blademasters
  4 deep elf master archers (Elf:3)
  16 acid blobs
  3 liches
  2 titans (Vaults:5)
  4 tentacled starspawn
  2 sphinxes (Vaults:5)
  Agnes (Elf:2)
  An ancient champion (Crypt:1)
  3 thorn hunters
  3 shadow dragons
  A storm dragon (Vaults:5)
  7 tengu reavers
  2 revenants (Crypt:2)
  The ghost of Megalobster the Slicer, an adept DsCK of Xom (Swamp:4)
  6 nagarajas
  2 fire giants
  9 azure jellies
  2 orc warlords
  3 imperial myrmidons (Desolation)
  20 vault wardens
  5 frost giants
  4 deep elf sorcerers
  A fire giant (shapeshifter) (Vaults:5)
  A ghost moth (Abyss:2)
  Aizul (Vaults:4)
  A curse skull (Crypt:1)
  4 deep elf elementalists (Elf:3)
  A reaper (Crypt:2)
  11 ironheart preservers
  7 very ugly things
  2 war gargoyles
  9 stone giants
  2 deep elf demonologists (Vaults:5)
  An entropy weaver (Vaults:5)
  A lorocyproca (Abyss:2)
  6 deep elf annihilators
  An eidolon (Crypt:2)
  5 ettins (Vaults:5)
  12 death oozes (Slime:5)
  2 green deaths (Abyss:3)
  3 deep elf death magi
  A quicksilver dragon zombie (Crypt:2)
  13 yaktaur captains
  3 crystal guardians (Desolation)
  5 ragged hierophants (Desolation)
  4 jiangshi (Crypt:2)
  A deep elf high priest (Elf:3)
  5 ice dragons
  6 great orbs of eyes
  10 peacekeepers
  Fannar (Orc:1)
  15 naga warriors
  A rakshasa (Vaults:2)
  27 hydras
  2 catoblepae (Abyss:3)
  2 ghost crabs (Swamp:4)
  5 servants of whispers (Desolation)
  The ghost of Thaneod the Arsonist, a journeyman DEFE of Vehumet (D:12)
  13 alligators
  29 vault guards
  5 death knights
  A merfolk avatar (Lair:6)
  3 anacondas
  18 two-headed ogres
  6 centaur warriors
  23 dancing weapons
  2 tengu warriors
  5 ogre magi
  A deep troll earth mage (Vaults:5)
  2 vampire magi (Crypt:2)
  2 death yaks (Lair:5)
  7 orc high priests
  3 hell knights (Vaults:4)
  17 thrashing horrors
  6 shock serpents
  A deep troll shaman (Vaults:5)
  17 naga sharpshooters
  11 soul eaters
  12 deep elf knights
  14 skeletal warriors
  Nergalle (D:10)
  A sun demon (Abyss:2)
  A salamander mystic (Snake:4)
  8 wretched stars
  2 sixfirhies
  5 wizards
  A death drake (shapeshifter) (Vaults:5)
  2 shadow wraiths
  A spriggan druid (Swamp:2)
  2 spatial maelstroms
  5 unseen horrors
  A sea snake (Lair:6)
  5 shambling mangroves
  6 deep trolls
  8 swamp dragons
  5 glowing orange brains
  A lindwurm (Lair:6)
  A death drake (Abyss:3)
  6 phantasmal warriors
  4 naga ritualists
  3 flayed ghosts
  70 deep elf magi
  Pikel (D:4)
  16 deep elf archers
  13 orc knights
  2 golden dragon skeletons (Crypt:2)
  6 necromancers
  4 harpies (Vaults:3)
  A harpy (shapeshifter) (Vaults:1)
  23 ironbrand convokers
  A tengu skeleton (D:15)
  4 manticores
  5 orc sorcerers
  5 shining eyes
  10 mana vipers
  A stone giant zombie (D:15)
  3 wolf spiders
  32 ugly things
  A faun (shapeshifter) (Vaults:5)
  A fire giant zombie (D:15)
  An oklob plant (Lair:6)
  A frost giant zombie (Crypt:2)
  6 salamanders
  2 centaur zombies
  2 iron dragon skeletons
  7 cyclopes
  An elephant (shapeshifter) (Vaults:5)
  3 worldbinders
  Joseph (D:7)
  9 guardian serpents
  2 torpor snails
  A shock serpent zombie (Crypt:2)
  32 black mambas
  A rust devil (Abyss:2)
  22 naga magi
  2 molten gargoyles (Desolation)
  2 eyes of devastation
  14 spiny frogs
  2 apocalypse crabs (Abyss:2)
  3 elephants (Lair:6)
  A black mamba (shapeshifter) (Vaults:2)
  A spriggan skeleton (D:15)
  11 smoke demons
  11 vault sentinels
  A spiny frog (shapeshifter) (Vaults:1)
  2 orange demons
  3 gargoyles
  50 yaktaurs
  8 rime drakes
  A yaktaur (shapeshifter) (Vaults:1)
  A demonic crawler (Abyss:2)
  An efreet (D:14)
  15 komodo dragons
  8 freezing wraiths
  A tengu conjurer (D:13)
  A rime drake (shapeshifter) (Vaults:3)
  A tormentor (Abyss:2)
  9 polar bears
  8 ancient zymes
  7 catoblepas skeletons
  6 trolls
  A wolf spider simulacrum (Vaults:1)
  A wind drake (Lair:6)
  3 meliai (D:14)
  6 dream sheep
  15 tyrant leeches
  26 hornets
  54 saltlings
  7 blink frogs
  8 bog bodies
  23 raiju
  A death drake skeleton (Crypt:2)
  59 slime creatures
  A slime creature (shapeshifter) (Vaults:5)
  10 hippogriffs
  Prince Ribbit (D:6)
  A human simulacrum (Vaults:2)
  A stone giant simulacrum (Vaults:3)
  A snapping turtle (shapeshifter) (Vaults:4)
  An ettin zombie (Abyss:3)
  6 flying skulls
  A redback (Vaults:5)
  An alligator skeleton (Crypt:2)
  20 shadows
  19 small abominations
  12 spriggans
  22 starcursed masses (Abyss:3)
  A tarantella (shapeshifter) (Vaults:4)
  9 wyverns
  Sigmund (D:6)
  3 ynoxinuls
  2 water elementals
  3 air elementals
  2 fire dragon skeletons
  8 wraiths
  40 yaks
  A hungry ghost (D:13)
  The ghost of Nr616 the Basher, an amateur MiMo (D:4)
  4 chaos spawn
  A hog (shapeshifter) (Vaults:1)
  5 neqoxecs
  3 fire bats (Abyss:3)
  2 steam dragons
  5 fire elementals
  2 humans (shapeshifter)
  15 large abominations
  6 basilisks
  7 golden eyes
  17 vampire mosquitoes
  9 wargs
  17 insubstantial wisps
  50 nagas
  3 soldier ants
  8 spatial vortices
  Menkaure (D:7)
  A soldier ant (shapeshifter) (Vaults:2)
  12 swamp worms
  10 hell hounds (Abyss:3)
  An orb spider zombie (Crypt:1)
  16 water moccasins
  53 orc warriors
  3 acid dragons
  A two-headed ogre skeleton (Crypt:2)
  A floating eye (shapeshifter) (Vaults:1)
  A floating eye (Orc:2)
  9 porcupines
  12 swamp drakes
  6 black bears
  A fire dragon simulacrum (Abyss:2)
  9 ice beasts
  3 phantoms
  6 eyes of draining
  4 sky beasts
  33 wolves
  An elephant skeleton (Crypt:1)
  8 boggarts
  9 centaurs
  29 ogres
  A swamp dragon skeleton (Crypt:2)
  3 big kobolds
  17 crocodiles
  An elf zombie (Crypt:1)
  12 earth elementals
  2 gnoll sergeants
  20 bullfrogs
  7 jellies
  8 scorpions
  5 wights
  5 killer bees
  5 electric eels
  4 howler monkeys
  6 crimson imps
  2 bullfrog zombies
  2 quasits
  A hound (D:10)
  7 centaur skeletons
  2 iron imps
  19 orc priests
  23 orc wizards
  A bullfrog skeleton (D:6)
  13 worker ants
  6 iguanas
  A worker ant (shapeshifter) (Vaults:5)
  A killer bee zombie (D:2)
  An ogre zombie (Crypt:1)
  A felid skeleton (Crypt:1)
  A mummy (D:6)
  2 hound zombies
  2 worker ant zombies
  20 gnolls
  11 adders
  7 river rats (Sewer)
  7 shadow imps
  4 white imps
  5 ufetubi
  9 oozes
  A worm zombie (Crypt:1)
  A lava snake zombie (Crypt:2)
  2 adder skeletons (D:9)
  5 worms
  9 leopard geckos
  81 orcs
  4 bats
  3 giant cockroaches
  9 goblins
  15 hobgoblins
  6 jackals
  5 quokkas
  12 ball pythons
  3 frilled lizards
  A frilled lizard zombie (Crypt:2)
  A giant cockroach zombie (Crypt:1)
  A hobgoblin zombie (D:6)
  A jackal skeleton (Crypt:2)
  30 kobolds
  2 kobold zombies (D:6)
  A leopard gecko zombie (D:7)
  An orc zombie (D:6)
  A quokka skeleton (D:4)
  A quokka zombie (Crypt:1)
  28 rats
  2 fungi
  3 lurking horrors
  2 plants
  A starspawn tentacle (Abyss:3)
2249 creatures vanquished.

Vanquished Creatures (collateral kills)
  Sojobo (Vaults:4)
  An Executioner (Abyss:3)
  Donald (Orc:2)
  A deep elf elementalist (Elf:3)
  A very ugly thing (Vaults:5)
  A starcursed mass (Abyss:3)
  A deep elf annihilator (Elf:3)
  A deep elf death mage (Elf:3)
  A golden dragon zombie (Abyss:3)
  An orc knight (Vaults:5)
  2 large abominations (Abyss:3)
  An ugly thing (Vaults:5)
  An ancient zyme (Abyss:3)
  5 flying skulls (Abyss:3)
  A hungry ghost (D:7)
  A naga (Abyss:3)
  An orc warrior (Vaults:5)
  A small abomination (Abyss:3)
  A killer bee (D:7)
  An orc priest (Vaults:5)
  An orc wizard (Vaults:5)
  An orc (Vaults:5)
27 creatures vanquished.

Vanquished Creatures (others)
  Asterion (Snake:1)
  A deep elf annihilator (Elf:3)
  2 vault guards (Vaults:5)
  Duvessa (D:4)
  A slave (D:4)
  Dowan (D:4)
  An iguana (D:4)
  An orc priest (D:4)
  A worker ant (D:4)
  An adder (D:4)
  A ball lightning (Swamp:3)
  2 orcs (D:4)
  A giant cockroach (D:4)
  A frilled lizard (D:4)
  8 fungi
  A lurking horror (Abyss:3)
  18 plants
  7 starspawn tentacles
  2 withered plants (D:15)
52 creatures vanquished.

Grand Total: 2328 creatures vanquished

Notes
Turn   | Place    | Note
-------+----------+-------------------------------------------
     0 | D:1      | Eptagon the Centaur Hunter began the quest for the Orb.
     0 | D:1      | Reached XP level 1. HP: 17/17 MP: 1/1
   153 | D:1      | Reached XP level 2. HP: 14/24 MP: 2/2
   486 | D:1      | Reached XP level 3. HP: 25/30 MP: 3/3
  1028 | D:2      | Found a bloodstained altar of Trog.
  1028 | D:2      | Noticed a phantom
  1218 | D:1      | Killed a phantom
  1218 | D:1      | Reached skill level 1 in Armour
  1218 | D:1      | Reached XP level 4. HP: 34/38 MP: 4/4
  1329 | D:2      | Reached XP level 5. HP: 43/45 MP: 5/5
  1333 | D:2      | Became a worshipper of Trog the Wrathful
  2006 | D:2      | HP: 1/45 [killer bee zombie (5)]
  2504 | D:3      | Reached * piety under Trog
  2637 | D:3      | Found a deep blue altar of Sif Muna.
  3067 | D:3      | Reached skill level 2 in Armour
  3072 | D:3      | Reached XP level 6. HP: 42/51 MP: 6/6
  3394 | D:4      | Noticed a slave
  3396 | D:4      | Noticed Pikel
  3396 | D:4      | Noticed a slave
  3396 | D:4      | Noticed a slave
  3397 | D:4      | Noticed a slave
  3449 | D:4      | Killed Pikel
  3449 | D:4      | Reached skill level 3 in Armour
  3449 | D:4      | Reached XP level 7. HP: 23/60 MP: 7/7
  3599 | D:4      | Noticed a hippogriff
  3612 | D:4      | Killed a hippogriff
  3612 | D:4      | Reached skill level 10 in Bows
  3612 | D:4      | Reached XP level 8. HP: 62/67 MP: 8/8
  3666 | D:4      | Reached skill level 5 in Fighting
  3736 | D:4      | Found Seygh's Armour Shoppe.
  3751 | D:4      | Found Cituwadgh's General Store.
  3752 | D:4      | Found Ibuquaru's Weapon Shoppe.
  3845 | D:4      | Reached ** piety under Trog
  3857 | D:4      | Found Jejurch Yczoi's Food Shoppe.
  3857 | D:4      | Noticed Nr616's ghost (amateur MiMo)
  3858 | D:4      | Noticed Duvessa
  3859 | D:4      | Noticed Dowan
  3948 | D:4      | Killed Duvessa
  4019 | D:4      | Killed Dowan
  4082 | D:4      | Found a glowing drain.
  4099 | Sewer    | Entered a sewer
  4891 | Sewer    | Reached *** piety under Trog
  5455 | D:4      | Bought a potion of heal wounds for 65 gold pieces
  5474 | D:5      | Entered Level 5 of the Dungeon
  5986 | D:5      | Reached skill level 4 in Armour
  5995 | D:5      | Got a polished falchion
  5996 | D:5      | Identified the +4 falchion of the Candle {elec, Int+3} (You found it on level 5 of the Dungeon)
  6194 | D:5      | Found a stormy altar of Qazlal.
  6238 | D:5      | Found a staircase to the Ecumenical Temple.
  6613 | D:5      | Received a gift from Trog
  6983 | D:6      | Noticed Sigmund
  7098 | D:6      | Killed Sigmund
  7098 | D:6      | Reached XP level 9. HP: 73/75 MP: 9/9
  7247 | D:6      | Noticed Prince Ribbit
  7259 | D:6      | Killed Prince Ribbit
  7557 | D:6      | Found Ubuloupo's Armour Shoppe.
  7756 | D:7      | Found a hide-covered altar of Uskayaw.
  7822 | D:7      | Noticed Joseph
  7844 | D:7      | Killed Joseph
  7844 | D:7      | Reached skill level 5 in Armour
  8121 | D:7      | Found a hazy altar of Hepliaklqana.
  8248 | D:7      | Found a white marble altar of Elyvilon.
  8281 | D:7      | Noticed Menkaure
  8282 | D:7      | Reached **** piety under Trog
  8282 | D:7      | Received a gift from Trog
  8300 | D:7      | Killed Menkaure
  8710 | D:7      | Found an ancient bone altar of Kikubaaqudgha.
  8745 | D:7      | Reached XP level 10. HP: 80/86 MP: 10/10
  8859 | D:7      | Found a sacrificial altar of Ru.
  8910 | D:7      | Found a glowing golden altar of the Shining One.
  9174 | D:4      | Bought the +2 cloak of the Blue Moon {Regen+ Slay+2} for 388 gold pieces
  9318 | D:8      | Noticed a two-headed ogre
  9329 | D:8      | Killed a two-headed ogre
  9416 | D:8      | Noticed Maurice
  9454 | D:8      | Noticed Maurice
  9454 | D:8      | Maurice changed into Maurice the hornet
  9471 | D:8      | Killed Maurice the hornet
  9593 | D:8      | Noticed Psyche
  9625 | D:8      | Noticed Psyche
  9625 | D:8      | Psyche changed into Psyche the worm
  9655 | D:8      | Killed Psyche the worm
  9809 | D:8      | Noticed a two-headed ogre
  9846 | D:8      | Killed a two-headed ogre
  9846 | D:8      | Reached skill level 6 in Armour
  9988 | D:8      | Received a gift from Trog
 10008 | D:8      | Reached skill level 15 in Bows
 10604 | D:9      | Found an opulent altar of Gozag.
 10604 | D:9      | Noticed a stone giant
 10604 | D:9      | Noticed a deep elf mage
 10606 | D:9      | Found a transporter.
 10606 | D:9      | Noticed a cyan ugly thing
 10614 | D:9      | Found a transporter.
 10762 | D:9      | Found a staircase to the Lair.
 10958 | D:9      | Reached XP level 11. HP: 95/95 MP: 11/11
 11274 | D:10     | Entered Level 10 of the Dungeon
 11339 | D:10     | Received a gift from Trog
 11489 | D:10     | Found a staircase to the Orcish Mines.
 11549 | D:10     | Received a gift from Trog
 11667 | D:10     | Noticed a two-headed ogre
 11691 | D:10     | Killed a two-headed ogre
 11714 | D:10     | Noticed a purple ugly thing
 11738 | D:10     | Killed a purple ugly thing
 12023 | D:10     | Found a roughly hewn altar of Beogh.
 12031 | D:10     | Received a gift from Trog
 12046 | D:10     | Reached ***** piety under Trog
 12214 | Orc:1    | Entered Level 1 of the Orcish Mines
 12216 | Orc:1    | Noticed an orc knight
 12306 | Orc:1    | Noticed Nergalle
 12395 | D:10     | Killed an orc knight
 12613 | D:10     | Killed Nergalle
 12613 | D:10     | Received a gift from Trog
 12613 | D:10     | Reached skill level 7 in Armour
 12685 | Orc:1    | Noticed Fannar
 12704 | Orc:1    | Killed Fannar
 12871 | Orc:2    | Entered Level 2 of the Orcish Mines
 12871 | Orc:2    | Noticed Nessos
 12873 | Orc:2    | Noticed Nessos
 12873 | Orc:2    | Nessos changed into Nessos the floating eye
 12875 | Orc:2    | Killed Nessos the floating eye
 12943 | Orc:2    | Noticed an orc sorcerer
 12944 | Orc:2    | Noticed an orc warlord
 12967 | Orc:2    | Noticed a soul eater
 12970 | Orc:2    | Noticed a soul eater
 13030 | Orc:1    | Killed an orc warlord
 13095 | Orc:2    | Reached skill level 10 in Fighting
 13102 | Orc:1    | Killed an orc sorcerer
 13128 | Orc:2    | Noticed an orc high priest
 13133 | Orc:2    | Noticed an orc high priest
 13346 | Orc:2    | Noticed a sixfirhy
 13346 | Orc:2    | Noticed a soul eater
 13352 | Orc:1    | Killed an orc high priest
 13352 | Orc:1    | Reached XP level 12. HP: 92/106 MP: 12/12
 13388 | Orc:2    | Killed an orc high priest
 13401 | Orc:2    | Found Unnet's General Store.
 13480 | Orc:2    | Found Siwneen's Jewellery Emporium.
 13482 | Orc:2    | Noticed an orc high priest
 13486 | Orc:2    | Killed an orc high priest
 13674 | Orc:2    | Noticed Saint Roka
 13801 | Orc:2    | Reached skill level 8 in Armour
 13820 | Orc:2    | Killed Saint Roka
 14002 | Orc:2    | Found Zyub's Food Boutique.
 14007 | Orc:2    | Noticed an orc high priest
 14012 | Orc:2    | Killed an orc high priest
 14024 | Orc:2    | Found Mubeydi's Antique Armour Boutique.
 14037 | Orc:2    | Received a gift from Trog
 14041 | Orc:2    | Noticed Donald
 14078 | Orc:2    | Killed Donald
 14112 | Orc:2    | Found a staircase to the Elven Halls.
 14230 | Orc:2    | Noticed an orc high priest
 14247 | Orc:2    | Killed an orc high priest
 14268 | Orc:2    | Found Ganwa's Antique Weapon Emporium.
 14355 | Orc:2    | Noticed an orc high priest
 14379 | Orc:2    | Killed an orc high priest
 14401 | Orc:2    | Received a gift from Trog
 14723 | Lair:1   | Entered Level 1 of the Lair of Beasts
 14736 | Lair:1   | Reached XP level 13. HP: 110/116 MP: 13/13
 15754 | Lair:2   | Reached skill level 9 in Armour
 15924 | Lair:2   | Found a snail-covered altar of Cheibriados.
 16647 | Lair:3   | Found a staircase to the Snake Pit.
 17116 | Lair:4   | Reached skill level 1 in Evocations
 17356 | Lair:4   | Found a staircase to the Swamp.
 17872 | Lair:5   | Received a gift from Trog
 18161 | Lair:5   | Received a gift from Trog
 19134 | Lair:5   | Found a viscous altar of Jiyva.
 19134 | Lair:5   | Found a staircase to the Slime Pits.
 19202 | Lair:6   | Entered Level 6 of the Lair of Beasts
 19236 | Lair:6   | Found a glowing golden altar of the Shining One.
 19294 | Lair:5   | Reached XP level 14. HP: 109/127 MP: 16/16
 19761 | Lair:6   | Received a gift from Trog
 20041 | Lair:6   | Reached ****** piety under Trog
 20041 | Lair:6   | Reached skill level 10 in Armour
 20041 | Lair:6   | Reached skill level 5 in Evocations
 20084 | Lair:6   | Received a gift from Trog
 20098 | Lair:6   | Found the +3 robe of Folly {Archmagi, MR-- Int+5}
 21235 | D:11     | Received a gift from Trog
 21235 | D:11     | Reached skill level 5 in Dodging
 21749 | D:12     | Noticed Thaneod's ghost (journeyman DEFE)
 21755 | D:12     | Killed Thaneod's ghost
 21946 | D:12     | Found an ornate altar of the Wu Jian Council.
 22708 | D:13     | Received a gift from Trog
 23018 | D:13     | Reached XP level 15. HP: 105/136 MP: 19/19
 23094 | D:13     | Received a gift from Trog
 23372 | D:13     | Found a gate to the Vaults.
 23651 | D:6      | Bought the +8 orange crystal plate armour {Archmagi, Int+3 Clar} for 1589 gold pieces
 23651 | D:6      | Found the +8 orange crystal plate armour {Archmagi, Int+3 Clar}
 23711 | D:4      | Found Ibuquaru's Weapon Shoppe.
 23721 | D:4      | Found Cituwadgh's General Store.
 23760 | D:4      | Killed Nr616's ghost
 23960 | Orc:2    | Bought a scroll of identify for 32 gold pieces
 25409 | D:14     | Reached skill level 11 in Armour
 25443 | D:15     | Entered Level 15 of the Dungeon
 25472 | D:15     | Found a staircase to the Depths.
 25918 | D:15     | Received a gift from Trog
 26553 | Swamp:1  | Entered Level 1 of the Swamp
 26571 | Swamp:1  | Received a gift from Trog
 27460 | Swamp:2  | Reached XP level 16. HP: 108/146 MP: 22/22
 27592 | Swamp:2  | Noticed a thorn hunter
 27600 | Swamp:2  | Killed a thorn hunter
 28096 | Swamp:2  | Reached skill level 12 in Armour
 28408 | Swamp:3  | Noticed Mara
 28419 | Swamp:3  | Noticed Eptagon's illusion
 28546 | Swamp:3  | Noticed Eptagon's illusion
 28555 | Swamp:3  | Killed Mara
 28555 | Swamp:3  | Received a gift from Trog
 28556 | Swamp:3  | Identified the +3 shortbow "Zuffudd" {flame, rElec rN+ MR- Dex+5} (Trog gifted it to you on level 3 of the Swamp)
 29548 | Swamp:4  | Entered Level 4 of the Swamp
 29573 | Swamp:4  | Noticed Megalobster's ghost (adept DsCK)
 29747 | Swamp:4  | Killed Megalobster's ghost
 29826 | Swamp:4  | Received a gift from Trog
 29869 | Swamp:4  | Noticed a thorn hunter
 29875 | Swamp:4  | Received a gift from Trog
 29885 | Swamp:4  | Killed a thorn hunter
 29995 | Swamp:4  | Reached XP level 17. HP: 137/154 MP: 24/24
 30012 | Swamp:4  | Reached skill level 15 in Fighting
 30012 | Swamp:4  | Reached skill level 13 in Armour
 30467 | Swamp:4  | Got a decaying rune of Zot
 30525 | Swamp:4  | Got a pitted jade ring
 30533 | Swamp:4  | Identified the ring "Rounkil" {rN+++ AC+4 Str+4 Int-4 Stlth+} (You found it on level 4 of the Swamp)
 30814 | Orc:2    | Bought a pair of glowing gloves for 195 gold pieces
 30973 | Snake:1  | Entered Level 1 of the Snake Pit
 30975 | Snake:1  | Received a gift from Trog
 31090 | Snake:1  | Reached skill level 10 in Evocations
 31429 | Snake:1  | Noticed Asterion
 31459 | Snake:1  | Killed Asterion
 31825 | Snake:2  | Found Huoruwk's General Store.
 31833 | Snake:2  | Bought the -2 hat of the Alchemist {rElec rPois rF+ rC+ rN+ MR+ rMut rCorr} for 519 gold pieces
 31833 | Snake:2  | Found the -2 hat of the Alchemist {rElec rPois rF+ rC+ rN+ MR+ rMut rCorr}
 31844 | Snake:2  | Bought a scroll of holy word for 82 gold pieces
 31907 | Snake:2  | Found Rixaqav's Gadget Boutique.
 31907 | Snake:2  | Found Beashryfa's Weapon Shop.
 33035 | Snake:3  | Received a gift from Trog
 33066 | Snake:3  | Identified a scroll of acquirement
 33144 | Snake:3  | Identified the +1 helmet of Midsummer {rF- rN+ Stlth+} (You found it on level 3 of the Snake Pit)
 33200 | Snake:3  | Reached skill level 14 in Armour
 33557 | Snake:4  | Entered Level 4 of the Snake Pit
 33914 | Snake:4  | Reached XP level 18. HP: 166/166 MP: 25/25
 34355 | Snake:4  | Received a gift from Trog
 34754 | Snake:4  | Got a serpentine rune of Zot
 34877 | Snake:4  | Received a gift from Trog
 34878 | Snake:4  | Got a scorched shortbow {god gift}
 34879 | Snake:4  | Identified the +7 shortbow "Raurieka" {speed, rC+ Int+5} (Trog gifted it to you on level 4 of the Snake Pit)
 35356 | Elf:1    | Entered Level 1 of the Elven Halls
 35381 | Elf:1    | Reached skill level 10 in Dodging
 35638 | Elf:1    | Received a gift from Trog
 35714 | Elf:1    | Reached skill level 15 in Armour
 36079 | Elf:2    | Found Qahioqe's Antique Weapon Boutique.
 36110 | Elf:2    | Received a gift from Trog
 36302 | Elf:2    | Received a gift from Trog
 36329 | Elf:2    | Found a huge runed gate.
 36329 | Elf:2    | Found a huge runed gate.
 36333 | Elf:2    | Found a huge runed gate.
 36351 | Elf:2    | Found a huge runed gate.
 36353 | Elf:2    | Found a huge runed gate.
 36372 | Elf:2    | Noticed Agnes
 36378 | Elf:2    | Killed Agnes
 36798 | Elf:2    | Received a gift from Trog
 36825 | Elf:2    | Reached XP level 19. HP: 160/174 MP: 26/26
 37192 | Elf:3    | Entered Level 3 of the Elven Halls
 37760 | Elf:3    | Found Ihideili's Weapon Shoppe.
 38077 | Elf:3    | Received a gift from Trog
 38515 | Elf:3    | Reached skill level 16 in Armour
 38733 | Elf:3    | Got a faintly glowing morningstar {holy}
 38734 | Elf:3    | Identified the +10 morningstar of Nelecuw {holy, rPois rF+ MR- Dex+3} (You took it off a deep elf death mage on level 3 of the Elven Halls)
 38836 | Elf:3    | Identified the ring "Imuastao" {Str+3 Stlth-} (You found it on level 3 of the Elven Halls)
 38851 | Elf:3    | Identified the ring "Ypumn" {*Slow rF+ rC+++ Str-3 Dex+8} (You found it on level 3 of the Elven Halls)
 38856 | Elf:3    | Identified Ajaeqiote's Almanac of Vitriolic Hexes
 38905 | Elf:3    | Found the +8 storm bow {elec}
 39200 | Vaults:1 | Entered Level 1 of the Vaults
 39373 | Vaults:1 | Found Mistrof's Magic Scroll Emporium.
 39441 | Vaults:1 | Bought a scroll of identify for 36 gold pieces
 39441 | Vaults:1 | Bought 3 scrolls of teleportation for 162 gold pieces
 39441 | Vaults:1 | Bought a scroll of teleportation for 54 gold pieces
 39441 | Vaults:1 | Bought a scroll of teleportation for 54 gold pieces
 39441 | Vaults:1 | Bought a scroll of fear for 63 gold pieces
 39441 | Vaults:1 | Bought a scroll of enchant armour for 135 gold pieces
 39441 | Vaults:1 | Bought a scroll of identify for 36 gold pieces
 39441 | Vaults:1 | Bought a scroll of identify for 36 gold pieces
 39441 | Vaults:1 | Bought a scroll of enchant armour for 135 gold pieces
 39441 | Vaults:1 | Bought a scroll of magic mapping for 63 gold pieces
 39780 | Vaults:1 | Received a gift from Trog
 40138 | Vaults:1 | Received a gift from Trog
 40138 | Vaults:1 | Reached XP level 20. HP: 175/184 MP: 27/27
 40169 | Vaults:1 | Reached skill level 17 in Armour
 40431 | Vaults:1 | Received a gift from Trog
 40708 | Vaults:1 | Received a gift from Trog
 41194 | Vaults:2 | Found Kacu's Antique Weapon Emporium.
 41694 | Vaults:2 | Received a gift from Trog
 41694 | Vaults:2 | Reached skill level 18 in Armour
 42027 | Vaults:2 | Found a staircase to the Crypt.
 42227 | Vaults:3 | Paralysed by a hornet for 3 turns
 42247 | Vaults:3 | You fall through a shaft!
 42292 | Vaults:4 | Found a flickering gateway to a bazaar.
 42315 | Bazaar   | Entered a bazaar
 42317 | Bazaar   | Found Yliemebesk's Weapon Boutique.
 42325 | Bazaar   | Found Qis Xeh's Magic Scroll Shoppe.
 42333 | Bazaar   | Bought 3 scrolls of identify for 78 gold pieces
 42333 | Bazaar   | Bought a scroll of teleportation for 39 gold pieces
 42333 | Bazaar   | Bought a scroll of identify for 26 gold pieces
 42333 | Bazaar   | Bought a scroll of identify for 26 gold pieces
 42333 | Bazaar   | Bought a scroll of enchant weapon for 97 gold pieces
 42333 | Bazaar   | Bought a scroll of holy word for 97 gold pieces
 42333 | Bazaar   | Bought a scroll of fear for 45 gold pieces
 42333 | Bazaar   | Bought a scroll of identify for 26 gold pieces
 42334 | Bazaar   | Found Ruheoph's Antique Weapon Boutique.
 42337 | Bazaar   | Found Guveerec's Gadget Emporium.
 42344 | Bazaar   | Found Roatt's Distillery.
 42353 | Bazaar   | Bought a potion of might for 56 gold pieces
 42353 | Bazaar   | Bought a potion of heal wounds for 70 gold pieces
 42353 | Bazaar   | Bought a potion of heal wounds for 70 gold pieces
 42353 | Bazaar   | Bought a potion of heal wounds for 70 gold pieces
 42353 | Bazaar   | Bought a potion of agility for 56 gold pieces
 42353 | Bazaar   | Bought a potion of agility for 56 gold pieces
 42353 | Bazaar   | Bought a potion of might for 56 gold pieces
 42460 | Vaults:3 | Found a ruined gateway.
 42464 | Desolati | Entered the Desolation of Salt
 42627 | Desolati | Received a gift from Trog
 42727 | Desolati | Got a faintly glowing jade ring
 42728 | Desolati | Identified the ring of Uskayaw's Vengeance {Str+4 Int+5 Dex-4} (You found it in the Desolation of Salt)
 42731 | Desolati | Got a heavily runed bone ring
 42732 | Desolati | Identified the ring "Laonopoi" {rPois rF+ Str+4 Int+4 Dex-3} (You found it in the Desolation of Salt)
 42915 | Desolati | Received a gift from Trog
 42929 | Desolati | Got a vibrating brass ring
 42947 | Desolati | Identified the ring "Tarusm" {Wiz +Fly} (You took it off a ragged hierophant in the Desolation of Salt)
 42958 | Desolati | Identified the -6 cloak "Ydoyqor" {Regen+ Str+4 Stlth+} (You found it in the Desolation of Salt)
 43076 | Desolati | Received a gift from Trog
 43082 | Desolati | Reached XP level 21. HP: 189/195 MP: 28/28
 43335 | Desolati | Got a fine bone ring
 43336 | Desolati | Identified the ring "Awifupt" {rPois MR+} (You found it in the Desolation of Salt)
 44136 | Vaults:3 | Received a gift from Trog
 44500 | Vaults:3 | Reached skill level 19 in Armour
 45045 | Vaults:4 | Got a translucent amber ring
 45046 | Vaults:4 | Identified the ring of Descent {+Inv MP+9 Str+4 Int+3} (You found it on level 4 of the Vaults)
 45121 | Vaults:4 | Noticed Aizul
 45127 | Vaults:4 | Killed Aizul
 45156 | Vaults:4 | Noticed Sojobo
 45208 | Vaults:4 | Killed Sojobo
 45208 | Vaults:4 | Received a gift from Trog
 45314 | Vaults:4 | Got a bound pewter ring
 45334 | Vaults:4 | Identified the ring "Forget-Me-Not" {rCorr rElec rC+ Dex+3 Stlth-} (You found it on level 4 of the Vaults)
 46213 | Vaults:4 | Upgraded the game from 0.22-a0-447-gee5f723 to 0.22-a0-448-g1fb7470
 46214 | Vaults:5 | Entered Level 5 of the Vaults
 46218 | Vaults:5 | Noticed Xtahua
 46220 | Vaults:5 | Noticed a golden dragon
 46224 | Vaults:5 | Noticed a golden dragon
 46565 | Vaults:5 | Received a gift from Trog
 46612 | Vaults:5 | Reached XP level 22. HP: 182/205 MP: 29/29
 46713 | Vaults:5 | Received a gift from Trog
 46749 | Vaults:5 | Killed a golden dragon
 46778 | Vaults:5 | Killed a golden dragon
 46953 | Vaults:5 | Received a gift from Trog
 47037 | Vaults:5 | Received a gift from Trog
 47067 | Vaults:5 | Received a gift from Trog
 47104 | Vaults:5 | Paralysed by Xtahua for 3 turns
 47109 | Vaults:5 | Killed Xtahua
 47500 | Vaults:5 | Reached skill level 20 in Armour
 47582 | Vaults:5 | Noticed a golden dragon
 47589 | Vaults:5 | Killed a golden dragon
 48182 | Vaults:5 | Received a gift from Trog
 48201 | Vaults:5 | Got a silver rune of Zot
 48411 | Vaults:5 | Found the +3 robe of Clouds {+Fly rElec}
 48828 | Slime:1  | Entered Level 1 of the Pits of Slime
 49152 | Slime:4  | Reached XP level 23. HP: 215/215 MP: 31/31
 49220 | Slime:5  | Entered Level 5 of the Pits of Slime
 49384 | Slime:5  | Received a gift from Trog
 49671 | Slime:5  | Noticed the Royal Jelly
 50009 | Slime:5  | Killed the Royal Jelly
 50162 | Slime:5  | Identified the cursed ring of Incredulity {rF- Str+4 Int+4 Dex-3} (You found it on level 5 of the Pits of Slime)
 50184 | Slime:5  | Got a slimy rune of Zot
 50768 | Crypt:1  | Entered Level 1 of the Crypt
 51101 | Crypt:1  | Noticed Bai Suzhen
 51116 | Crypt:1  | Killed Bai Suzhen
 52301 | Crypt:2  | Noticed Boris
 52317 | Crypt:2  | Killed Boris
 52335 | Crypt:2  | Received a gift from Trog
 52357 | Crypt:2  | Found a corrupted altar of Lugonu.
 52380 | Crypt:2  | Found a one-way gate to the infinite horrors of the Abyss.
 52482 | Crypt:2  | Noticed an ancient lich
 52519 | Crypt:2  | Killed an ancient lich
 52895 | Crypt:2  | Received a gift from Trog
 53032 | Crypt:2  | Voluntarily entered the Abyss.
 53443 | Abyss:2  | Found a shimmering altar of Xom.
 53492 | Abyss:2  | Found a corrupted altar of Lugonu.
 53540 | Abyss:2  | Found a corrupted altar of Lugonu.
 53921 | Abyss:2  | Reached XP level 24. HP: 169/225 MP: 32/32
 53986 | Abyss:2  | Identified the +6 crystal plate armour of Pan-Flutes {rPois rF+} (You acquired it on level 2 of the Abyss)
 54256 | Abyss:2  | Received a gift from Trog
 54267 | Abyss:2  | Reached skill level 21 in Armour
 54349 | Abyss:2  | Identified the amulet "Finnabri" {Acrobat rC- Int+4 SInv} (You found it on level 2 of the Abyss)
 54447 | Abyss:2  | Received a gift from Trog
 54960 | Abyss:3  | Found a corrupted altar of Lugonu.
 54964 | Abyss:3  | Received a gift from Trog
 55172 | Abyss:3  | Received a gift from Trog
 55209 | Abyss:3  | Got an abyssal rune of Zot
 55651 | Abyss:3  | Received a gift from Trog
 55716 | Abyss:3  | Paralysed by accursed screaming for 1 turns
 55831 | Abyss:3  | Received a gift from Trog
 55865 | Abyss:3  | Received a gift from Trog
 55906 | Abyss:3  | Slain by a spatial maelstrom

Vault maps used:
D:1:      scummos_arrival_forest
D:2:      lemuel_round_altar
D:3:      lemuel_doored_altar, first_ration
D:4:      serial_shops, shop, nicolae_shop_waterfront, nicolae_shop_crystal,
          shop, portal_sewer_entry_b, uniq_duvessa, uniq_pikel
D:5:      minmay_temple_entry_statues, minmay_misc_feat_x, grunt_qazlal_clouds
D:6:      serial_shops, nicolae_shop_statue_plus, minmay_mini_ossuary,
          uniq_sigmund, uniq_prince_ribbit1
D:7:      kennysheep_little_box, nicolae_overflow_quartered_altars,
          elyvilon_altar_3, uniq_menkaure, uniq_joseph
D:8:      uniq_maurice, uniq_psyche
D:9:      gammafunk_temple_overflow_arena, grunt_lair_entry_orc_guard_hut
D:10:     minmay_orc_entry_temple_small, hangedman_little_slice_of_home
D:12:     basic_altar, lightli_corner_chamber
D:13:     david_vaults_5, hex_large
D:15:     gammafunk_depths_entry_grave, hangedman_decor_slide_cut
Lair:1:   beast_lair_carwin_large_1, minivault_23
Lair:2:   basic_altar
Lair:3:   guppyfry_snake_entry_garden
Lair:4:   swamp_mist_pool, grunt_megastairs_5
Lair:5:   dpeg_slime_entry_enclosed_altar, grunt_forest_large_clearings,
          infiniplex_staircase_pool
Lair:6:   gammafunk_lair_ancient_temple, basic_altar,
          nicolae_quartered_pool_super, lemuel_fruit_tree
Swamp:1:  nicolae_swamp_fairy_circle, swamp_pool1
Swamp:2:  hangedman_swamp_ruin_wall, swamp_pool1, nicolae_swamp_triple_paths
Swamp:3:  nicolae_swamp_stair_fork, swamp_pool2, uniq_mara
Swamp:4:  swamp_basic_johnstein
Snake:1:  special_room, hangedman_snake_corridor_split, uniq_asterion
Snake:2:  serial_shops, nicolae_shop_stone, minmay_shoptagon
Snake:4:  snake_pit
Slime:3:  cheibrodos_slime_lost_civilization_6
Orc:1:    trog_butcher_becter, uniq_nergalle, uniq_erica, uniq_fannar
Orc:2:    grunt_orc_gardens, grunt_orc_garden, grunt_orc_garden,
          grunt_orc_garden, grunt_orc_garden, serial_shops,
          nicolae_shop_crystal, uniq_nessos, uniq_donald, uniq_saint_roka
Elf:1:    minmay_elf_crystal_hexagon
Elf:2:    serial_shops, shop_fountains, uniq_agnes
Elf:3:    minmay_elf_hall, serial_shops,
          nicolae_shop_temple_entry_statues_fountains
Vaults:1: kb_rosetta, vaults_room_ringed_pool, hangedman_vaults_stream,
          nicolae_vaults_border_crossing, nicolae_vaults_network_star,
          nicolae_vaults_little_squares_1, vaults_room_large_hall, v_misc_29,
          vaults_dpeg_hooks, vaults_room_semicircle, ontoclasm_vaults_ligature,
          hangedman_vaults_pinch, ontoclasm_vaults_idyll,
          nicolae_vaults_little_squares_1, nicolae_vaults_shelves_hall,
          serial_shops, shop
Vaults:2: v_misc_10, v_rooms_4, hangedman_vaults_locks, st_smaller_cells,
          blue_anna_dwarven_crypt, nicolae_vaults_little_squares_1,
          nicolae_vaults_specimen_jars, hangedman_vaults_slice,
          hangedman_vaults_cutoff, v_alt_pattern_6, vaults_room_large_hall,
          ontoclasm_vaults_misaligned, serial_shops, shop_statue
Vaults:3: vaults_dpeg_spiral, vaults_dpeg_ring, nicolae_vaults_little_squares_5,
          st_cross, vaults_dpeg_doors, nicolae_vaults_little_squares_2,
          nicolae_vaults_ring_of_whatevers, portal_desolation_entry_salt
Vaults:4: v_misc_8, v_alt_pattern_4, st_spiral_rooms, v_misc_9,
          vaults_room_pools, hangedman_vaults_nails, vaults_room_fancy_cross,
          vaults_room_pools, hangedman_vaults_capsules,
          nicolae_vaults_three_branches, nicolae_vaults_shelves_hall,
          serial_shops, bzr_entry_dummy, uniq_sojobo, uniq_aizul
Vaults:5: uniq_xtahua
Crypt:1:  minmay_shadows, grunt_crypt_arrival_webbed, uniq_bai_suzhen
Crypt:2:  due_chaos_kobolds, uniq_boris
Abyss:3:  hangedman_abyss_rune_flesh_and_stone, evilmike_abyss_exit_kraken
Bazaar:   bazaar_kb_twisted_cavern
Sewer:    sewer_minmay_w

Skill      XL: |  1  2  3  4  5  6  7  8  9 10 11 12 13 14 15 16 17 18 19 20 21 22 23 24 |
---------------+-------------------------------------------------------------------------+-----
Bows           | 6 7 9 10 11 13 15 17 19 20 | 20.0
Fighting       | 3 4 6 7 8 10 11 12 13 14 15 16 17 18 19 20 | 20.7
Armour         | 1 2 3 4 5 6 7 8 9 10 11 12 14 15 16 18 19 20 21 | 21.3
Evocations     | 3 6 8 9 10 11 12 13 | 13.5
Dodging        | 3 5 7 8 9 10 11 12 13 14 | 14.8
Stealth        | |  0.4

Action                   |  1- 3 |  4- 6 |  7- 9 | 10-12 | 13-15 | 16-18 | 19-21 | 22-24 || total
-------------------------+-------+-------+-------+-------+-------+-------+-------+-------++-------
Melee: Short sword       |    20 |       |       |       |       |       |       |       ||    20
       Kick              |    10 |    13 |    40 |    23 |     5 |       |       |       ||    91
       Flail             |    28 |    74 |   177 |       |       |       |       |       ||   279
       Falchion          |       |       |    35 |    77 |    19 |       |       |       ||   131
       Longbow           |       |       |       |       |       |       |       |     1 ||     1
 Fire: Shortbow          |    34 |   103 |   315 |   538 |       |       |       |       ||   990
       Longbow           |       |       |       |   296 |  1515 |  1650 |  1803 |  1867 ||  7131
Invok: Berserk           |       |     1 |     4 |       |       |       |       |       ||     5
       Trog's Hand       |       |       |     1 |       |       |       |       |     1 ||     2
       Brothers in Arms  |       |       |     1 |     2 |       |       |     4 |     3 ||    10
 Abil: Evoke Invisibilit |       |       |       |       |       |       |     1 |       ||     1
       Evoke Flight      |       |       |       |       |       |       |       |     4 ||     4
       Stop Flying       |       |       |       |       |       |       |       |     1 ||     1
Evoke: Wand              |       |       |       |     8 |       |       |     1 |     4 ||    13
  Use: Scroll            |       |       |    14 |     5 |    11 |    12 |    18 |    18 ||    78
       Potion            |       |       |     2 |     3 |       |       |     3 |     6 ||    14
  Eat: Chunk             |       |     6 |    18 |    15 |    28 |    15 |    24 |    11 ||   117
       Ration            |       |       |     2 |       |       |     2 |       |     4 ||     8
Armor: Leather armour    |    17 |    14 |       |       |       |       |       |       ||    31
       Chain mail        |       |    40 |   318 |    63 |       |       |       |       ||   421
       Ring mail         |       |     4 |       |       |       |       |       |       ||     4
       Skin              |       |       |    75 |    14 |       |       |       |       ||    89
       Plate armour      |       |       |       |   155 |   232 |       |       |       ||   387
       Crystal plate arm |       |       |       |       |   259 |   772 |   633 |   697 ||  2361
Dodge: Dodged            |    18 |    41 |   151 |    57 |    48 |   120 |   208 |   323 ||   966
       Rpst.: Falchion   |       |       |     8 |     6 |       |       |       |       ||    14

Table legend:
 A = Spawn XP
 B = Non-spawn XP
 C = Spawn XP percentage of total XP
 D = Spawn monster count
 E = Non-spawn monster count
 F = Spawn count percentage of total count
 G = Total turns spent on level
                    A         B        C        D         E        F      G
               +---------+---------+-------+---------+---------+-------+---------
         Total |   68333 | 1005942 |   6.4 |     159 |    2086 |   7.1 | 55906
               +---------+---------+-------+---------+---------+-------+---------
           D:1 |       0 |     184 |   0.0 |       0 |      23 |   0.0 |  1621
           D:2 |       0 |      95 |   0.0 |       0 |      19 |   0.0 |   864
           D:3 |       0 |     125 |   0.0 |       0 |      28 |   0.0 |   982
           D:4 |       0 |    1392 |   0.0 |       0 |      18 |   0.0 |  1195
           D:5 |       0 |     786 |   0.0 |       0 |      23 |   0.0 |  1726
           D:6 |       0 |    1258 |   0.0 |       0 |      27 |   0.0 |   776
           D:7 |       0 |    1912 |   0.0 |       0 |      29 |   0.0 |  1437
           D:8 |       0 |    3773 |   0.0 |       0 |      43 |   0.0 |  1119
           D:9 |       0 |    5357 |   0.0 |       0 |      24 |   0.0 |  1381
          D:10 |       0 |    4742 |   0.0 |       0 |      47 |   0.0 |  1642
          D:11 |       0 |    4995 |   0.0 |       0 |      43 |   0.0 |   885
          D:12 |       0 |    5097 |   0.0 |       0 |      39 |   0.0 |   960
          D:13 |       0 |   12533 |   0.0 |       0 |      45 |   0.0 |  1023
          D:14 |       0 |   10112 |   0.0 |       0 |      27 |   0.0 |  1168
          D:15 |       0 |   13478 |   0.0 |       0 |      29 |   0.0 |   913
        Lair:1 |       0 |    6698 |   0.0 |       0 |      31 |   0.0 |   843
        Lair:2 |       0 |    3550 |   0.0 |       0 |      11 |   0.0 |   826
        Lair:3 |       0 |    2032 |   0.0 |       0 |      11 |   0.0 |   945
        Lair:4 |       0 |    3363 |   0.0 |       0 |      13 |   0.0 |   872
        Lair:5 |       0 |    9154 |   0.0 |       0 |      49 |   0.0 |  1629
        Lair:6 |       0 |   23110 |   0.0 |       0 |      71 |   0.0 |  1479
       Swamp:1 |       0 |   11636 |   0.0 |       0 |      34 |   0.0 |   819
       Swamp:2 |       0 |   17967 |   0.0 |       0 |      43 |   0.0 |  1191
       Swamp:3 |       0 |   26549 |   0.0 |       0 |      48 |   0.0 |  1187
       Swamp:4 |       0 |   41013 |   0.0 |       0 |      75 |   0.0 |   899
       Snake:1 |       0 |   22643 |   0.0 |       0 |      43 |   0.0 |   741
       Snake:2 |       0 |   12964 |   0.0 |       0 |      24 |   0.0 |  1195
       Snake:3 |       0 |   18818 |   0.0 |       0 |      36 |   0.0 |   985
       Snake:4 |       0 |   39771 |   0.0 |       0 |      68 |   0.0 |  1307
       Slime:1 |       0 |   10170 |   0.0 |       0 |      23 |   0.0 |   277
       Slime:2 |       0 |    3316 |   0.0 |       0 |       6 |   0.0 |    54
       Slime:3 |       0 |    1082 |   0.0 |       0 |       1 |   0.0 |    30
       Slime:4 |       0 |    3457 |   0.0 |       0 |       3 |   0.0 |    87
       Slime:5 |       0 |   52799 |   0.0 |       0 |      39 |   0.0 |  1225
         Orc:1 |       0 |    4801 |   0.0 |       0 |      10 |   0.0 |   778
         Orc:2 |       0 |   15814 |   0.0 |       0 |      67 |   0.0 |  1494
         Elf:1 |       0 |   20188 |   0.0 |       0 |      34 |   0.0 |   695
         Elf:2 |       0 |   39119 |   0.0 |       0 |      50 |   0.0 |  1166
         Elf:3 |       0 |   48177 |   0.0 |       0 |      51 |   0.0 |  1850
      Vaults:1 |       0 |   61872 |   0.0 |       0 |     109 |   0.0 |  1743
      Vaults:2 |       0 |   49412 |   0.0 |       0 |      79 |   0.0 |  1397
      Vaults:3 |       0 |   49743 |   0.0 |       0 |      82 |   0.0 |  1528
      Vaults:4 |       0 |   31036 |   0.0 |       0 |      35 |   0.0 |  1292
      Vaults:5 |       0 |  154101 |   0.0 |       0 |     147 |   0.0 |  2304
       Crypt:1 |       0 |   25124 |   0.0 |       0 |      44 |   0.0 |  1140
       Crypt:2 |       0 |   47916 |   0.0 |       0 |      54 |   0.0 |  1124
       Abyss:1 |    1006 |    3921 |  20.4 |       5 |       7 |  41.7 |   344
       Abyss:2 |   20014 |   18165 |  52.4 |      50 |      43 |  53.8 |  1584
       Abyss:3 |   47313 |   13662 |  77.6 |     104 |      47 |  68.9 |   946
         Sewer |       0 |     395 |   0.0 |       0 |      48 |   0.0 |   959
    Desolation |       0 |   46565 |   0.0 |       0 |      86 |   0.0 |  1213
               +---------+---------+-------+---------+---------+-------+---------
